 Dungeon Crawl Stone Soup version 0.27.1-34-g3ba077fa99 (webtiles) character file.

Game seed: 15928860537638887963

26459 vvl the Grappler (level 12, -11/97 (103) HPs)
             Began as a Pale Draconian Transmuter on Jan 20, 2022.
             Mangled by a hell rat (14 damage)
             ... on level 4 of the Lair of Beasts on Jan 21, 2022.
             The game lasted 00:49:24 (21175 turns).

vvl the Grappler (Pale Draconian Transmuter)       Turns: 21175, Time: 00:49:28

HP:   -11/97 (103)  AC: 15    Str: 28    XL:     12   Next: 98%
MP:   0/23          EV: 15    Int: 13    God:
Gold: 651           SH:  0    Dex: 14    Spells: 24/25 levels left

rFire    . . .     SeeInvis .   A - +1 dagger (venom)
rCold    . . .     Faith    .   (no shield)
rNeg     . . .     Spirit   +   (armour unavailable)
rPois    .         Reflect  .   (helmet restricted)
rElec    .         Harm     .   z - +2 cloak {Will+}
rCorr    .         Rampage  .   G - +2 pair of gloves
Will     +....                  T - +0 pair of boots
Stlth    +.........             n - amulet of guardian spirit
HPRegen  0.26/turn              I - +6 ring of strength
MPRegen  0.18/turn              X - +6 ring of strength

@: short of breath, drained
A: breathe steam, AC +8, unfitting armour, cold-blooded, steam resistance
a: Breathe Steam


You were on level 4 of the Lair of Beasts.
You visited 3 branches of the dungeon, and saw 17 of its levels.

You collected 959 gold pieces.
You spent 308 gold pieces at shops.

Inventory:

Hand Weapons
 i - a +1 scimitar of electrocution
 t - a +0 falchion of flaming
 u - a +2 short sword of electrocution
 A - a +1 dagger of venom (weapon)
 O - a +7 double sword of holy wrath
 P - a +1 vampiric trident
Missiles
 f - 97 bolts
 r - 5 silver javelins (quivered)
 U - 2 throwing nets
Armour
 z - a +2 cloak of willpower (worn)
 G - a +2 pair of gloves (worn)
 T - a +0 pair of boots (worn)
Jewellery
 n - an amulet of guardian spirit (around neck)
 q - a ring of flight
 C - a +6 ring of intelligence
 D - a ring of magical power
 I - a +6 ring of strength (left hand)
 X - a +6 ring of strength (right hand)
Wands
 o - a wand of polymorph (30)
 s - a wand of iceblast (11)
 M - a wand of digging (6)
 S - a wand of flame (18)
Scrolls
 a - 9 scrolls of teleportation
 e - a scroll of amnesia
 h - 3 scrolls of immolation
 j - a scroll of torment {unknown}
 l - 2 scrolls of fog {unknown}
 p - a scroll of vulnerability
 y - 2 scrolls of fear {unknown}
 K - 4 scrolls of enchant armour
 L - 3 scrolls of noise {unknown}
 R - a scroll of summoning
 V - 2 scrolls of blinking
 Y - a scroll of magic mapping {unknown}
 Z - a scroll of enchant weapon
Potions
 b - 3 potions of curing
 c - a potion of magic {unknown}
 d - 2 potions of mutation {unknown}
 g - 2 potions of degeneration {unknown}
 k - 2 potions of berserk rage {unknown}
 m - a potion of lignification {unknown}
 v - 2 potions of brilliance
 w - 2 potions of ambrosia
 x - a potion of might
 B - 4 potions of invisibility {unknown}
 E - 2 potions of resistance {unknown}
 F - a potion of haste
 H - a potion of flight {unknown}
 J - 3 potions of heal wounds
 W - a potion of cancellation {unknown}
Miscellaneous
 N - a phantom mirror
 Q - a phial of floods


   Skills:
 + Level 8.4 Fighting
 + Level 5.4 Long Blades
 + Level 7.2 Dodging
 + Level 9.9 Unarmed Combat
 + Level 7.3 Spellcasting
 + Level 7.1 Conjurations
 + Level 9.7 Transmutations
 + Level 5.8 Fire Magic
 * Level 5.5 Earth Magic


You had 24 spell levels left.
You knew the following spells:

 Your Spells              Type           Power      Damage    Failure   Level
a - Beastly Appendage     Tmut           60%        N/A       1%          1

Your spell library contained the following spells:

 Spells                   Type           Power      Damage    Failure   Level
 Sting                    Tmut/Pois      68%        1d6       1%          1
 Passwall                 Tmut/Erth      20%        N/A       1%          2
 Wereblood                Tmut           30%        N/A       1%          2
 Spider Form              Tmut/Pois      8%         N/A       6%          3
 Ice Form                 Ice/Tmut       17%        N/A       21%         4
 Sublimation of Blood     Necr           2%         N/A       22%         2
 Iskenderun's Battlesphe  Conj           23%        2d8       22%         5
 Fireball                 Conj/Fire      10%        3d6       28%         5
 Bolt of Magma            Conj/Fire/Erth 10%        4d7       32%         5
 Call Canine Familiar     Summ           4%         N/A       41%         3
 Portal Projectile        Hex/Tloc       8%         N/A       41%         3
 Swiftness                Air            4%         N/A       41%         3
 Tukima's Dance           Hex            4%         N/A       41%         3
 Leda's Liquefaction      Hex/Erth       6%         N/A       43%         4
 Alistair's Intoxication  Tmut/Pois      11%        N/A       50%         5
 Yara's Violent Unravell  Hex/Tmut       8%         3d5       50%         5
 Statue Form              Tmut/Erth      16%        N/A       67%         6
 Passage of Golubria      Tloc           N/A        N/A       82%         4
 Conjure Ball Lightning   Conj/Air       7%         3x3d6     99%         6
 Invisibility             Hex            2%         N/A       100%        6
 Orb of Destruction       Conj           11%        9d5       100%        7
 Summon Hydra             Summ           2%         N/A       100%        7
 Disjunction              Tloc           2%         N/A       100%        8


Dungeon Overview and Level Annotations

Branches:
Dungeon (10/15)            Temple (1/1) D:4            Lair (6/6) D:10
 Shoals (0/4) Lair:3        Slime (0/5) Lair:6
  Snake: Lair:2-4    Spider: Lair:2-4       Orc: D:9-12

Altars:
Ashenzari
Cheibriados
Dithmenos
Elyvilon
Fedhas
Gozag
Hepliaklqana
Kikubaaqudgha
Makhleb
Nemelex Xobeh
Okawaru
Qazlal
Ru
Sif Muna
Trog
Uskayaw
Vehumet
Wu Jian
Xom
Yredelemnul
Zin
The Shining One

Shops:
D:5 (?!*   D:6 *   D:10 =

Annotations:
Lair:2 3 runed translucent doors, Ephetek's ghost, journeyman OpBr
Lair:4 exclusion: 4 oklob plants
Lair:5 exclusion: oklob plant


Innate Abilities, Weirdness & Mutations

You can breathe blasts of scalding, opaque steam.
Your pale cyan-grey scales are hard. (AC +8)
You cannot fit into any form of body armour.
You are cold-blooded and may be slowed by cold attacks.
You are immune to the effects of steam.


Message History

Welcome back, vvl the Pale Draconian Transmuter.
Press ? for a list of commands and other information.
There is an escape hatch in the ceiling here.
The hell rat bites you.
You feel drained. The hell rat completely misses you.
A mysterious force pulls you upwards. The hatch slams shut behind you.
Level annotation: exclusion: 4 oklob plants The cane toad croaks.
Aiming: Iceblast
Press: ? - help, Shift-Dir - straight line The mass of ice explodes!
The iceblast engulfs the plant!
The plant begins to die.
The plant is lightly damaged.
The iceblast engulfs the cane toad!
The cane toad is moderately wounded.
The iceblast engulfs the plant!!
The plant begins to die.
The plant is lightly damaged.
The iceblast engulfs the bullfrog!
The bullfrog is severely wounded.
The bullfrog croaks.
You hear an angry hiss.
The hell rat closely misses you. The hell rat bites you.
* * * LOW HITPOINT WARNING * * *
You feel drained.
* * * LOW HITPOINT WARNING * * *
A wyvern comes into view.
A nearby plant withers and dies.
The hell rat bites you!
* * * LOW HITPOINT WARNING * * *
Press: ? - help, Shift-Dir - straight line, f - hell rat
Aim: a hell rat You exhale a blast of scalding steam.
The ball of steam hits the hell rat.
The hell rat is moderately wounded.
The ball of steam misses the cane toad.
You feel a bit more experienced. The hell rat bites you!
* * * LOW HITPOINT WARNING * * *
You feel drained.
* * * LOW HITPOINT WARNING * * *
The cane toad is engulfed in a cloud of scalding steam.
The hell rat is engulfed in a cloud of scalding steam.
The hell rat bites you!
You die...

#.##P ......... ..
....... .........
... .......
.......P #.##
.......
#.....####.#.##
.......
##......#.......
..[#.##
#.......#.....+.
...##
##.....#.......# ..
#....FFr@.....#
..##......##.....#
#.. ≈PPP......#
.....# #..
P≈≈≈...l..# ......#
.#..
P≈P..............#.
#...
≈≈≈≈..l...##.###.#
#.# ≈≈P≈....... .#
.# P#..
≈≈............ .
.... P≈...........
....


You could see a cane toad, a wyvern and a hell rat.

Vanquished Creatures
  Josephine (D:10)
  2 hydras (Lair:1)
  A boulder beetle (D:7)
  2 death yaks (Lair:5)
  Pikel (D:6)
  An ugly thing (D:7)
  A cyclops (D:7)
  An elephant (Lair:4)
  A black mamba (Lair:2)
  Maurice (D:8)
  A torpor snail (Lair:5)
  8 cane toads
  5 komodo dragons
  2 ice devils (Lair:1)
  The ghost of Selrock the Skirmisher, an amateur DsMo of Ru (D:4)
  2 polar bears
  13 blink frogs
  A hornet (D:9)
  2 wyverns (D:9)
  4 wraiths
  2 spriggans (Lair:5)
  25 yaks
  Grum (D:8)
  A basilisk (Lair:4)
  A steam dragon (D:8)
  An acid dragon (D:8)
  Duvessa (D:6)
  6 water moccasins
  5 orc warriors
  An ice beast (D:8)
  3 necrophages
  5 black bears
  A sky beast (D:5)
  3 ogres
  13 wolves
  6 centaurs
  2 lemures (D:6)
  A kobold brigand (D:4)
  Blork the orc (D:6)
  12 bullfrogs
  2 gnoll sergeants
  A wyvern zombie (D:9)
  2 scorpions
  Dowan (D:6)
  A wyvern skeleton (D:6)
  4 killer bees (D:10)
  An electric eel (D:6)
  8 wights
  A howler monkey (D:4)
  5 bullfrog zombies
  5 centaur zombies
  5 jellies
  A centaur skeleton (D:6)
  3 hounds
  3 orc priests
  2 iguanas
  A bullfrog skeleton (D:4)
  Natasha (thrice) (D:2)
  A hell rat (Lair:5)
  10 orc wizards
  A killer bee zombie (D:9)
  A hound skeleton (D:4)
  3 howler monkey zombies
  10 gnolls
  9 adders
  A shadow imp (D:7)
  A white imp (D:7)
  2 ufetubi
  2 adder skeletons (D:4)
  3 worms
  3 dart slugs
  36 orcs
  7 endoplasms
  A giant cockroach (D:1)
  3 goblins
  3 hobgoblins
  3 quokkas
  7 ball pythons
  5 bats (D:1)
  2 frilled lizards
  26 kobolds
  3 rats
334 creatures vanquished.

Vanquished Creatures (others)
  30 fungi
  56 plants
86 creatures vanquished.

Grand Total: 420 creatures vanquished

Notes
Turn   | Place    | Note
-------+----------+-------------------------------------------
     0 | D:1      | vvl the Draconian Transmuter began the quest for the Orb.
     0 | D:1      | Reached XP level 1. HP: 16/16 MP: 3/3
   229 | D:1      | Reached XP level 2. HP: 23/23 MP: 5/5
  1084 | D:1      | Found a faded altar of an unknown god.
  1740 | D:2      | Noticed Natasha
  1747 | D:2      | Killed Natasha
  1748 | D:2      | Reached XP level 3. HP: 17/29 MP: 4/6
  1887 | D:2      | Noticed Natasha
  1898 | D:2      | Killed Natasha
  1899 | D:2      | Reached XP level 4. HP: 31/36 MP: 4/7
  2313 | D:2      | Noticed Natasha
  2321 | D:2      | Killed Natasha
  2445 | D:2      | Reached XP level 5. HP: 41/41 MP: 6/8
  3941 | D:4      | Noticed a necrophage
  3957 | D:4      | Killed a necrophage
  3958 | D:4      | Reached XP level 6. HP: 24/50 MP: 10/10
  4314 | D:4      | Found a staircase to the Ecumenical Temple.
  4437 | Temple   | Entered the Ecumenical Temple
  4910 | D:4      | Your scales start taking on a pale cyan-grey colour.
  4910 | D:4      | Reached XP level 7. HP: 38/57 MP: 8/11
  4910 | D:4      | Gained mutation: You are immune to the effects of steam.
                  | [Pale Draconian growth]
  5176 | D:4      | Found a runed translucent gate.
  5177 | D:4      | Found a runed translucent gate.
  5223 | D:4      | Noticed Selrock's ghost (amateur DsMo)
  5246 | D:4      | Found a runed translucent gate.
  5491 | D:4      | Reached skill level 5 in Unarmed Combat
  5499 | D:4      | Killed Selrock's ghost
  5500 | D:4      | Reached skill level 1 in Conjurations
  5571 | D:5      | Entered Level 5 of the Dungeon
  5641 | D:5      | Found Jutuniac's Antique Weapon Emporium.
  5656 | D:5      | Reached skill level 5 in Transmutations
  5847 | D:5      | Reached XP level 8. HP: 43/64 MP: 8/13
  6268 | D:5      | Found Xuimub Pedd's Distillery.
  6298 | D:5      | Bought a potion of heal wounds for 55 gold pieces
  6298 | D:5      | Bought a potion of brilliance for 44 gold pieces
  6298 | D:5      | Bought a potion of ambrosia for 88 gold pieces
  6298 | D:5      | Bought a potion of heal wounds for 55 gold pieces
  6298 | D:5      | Bought a potion of might for 44 gold pieces
  6313 | D:5      | Got the Guide on Venomous Translocation
  6320 | D:5      | Found Ycvyipall's Magic Scroll Shoppe.
  6479 | D:5      | Found a sacrificial altar of Ru.
  7028 | D:5      | Found Fuphutitaj's Assorted Antiques.
  7080 | D:5      | Bought a scroll of identify for 22 gold pieces
  7582 | D:6      | Found a broken altar of Ashenzari.
  7701 | D:6      | Noticed Blork the orc
  7711 | D:6      | Killed Blork the orc
  7781 | D:6      | Noticed Duvessa
  7786 | D:6      | Noticed Dowan
  7802 | D:6      | Killed Duvessa
  7803 | D:6      | Reached XP level 9. HP: 56/72 MP: 13/15
  7808 | D:6      | Killed Dowan
  8062 | D:6      | Found Zin's Purification Station.
  8065 | D:6      | Found a glowing silver altar of Zin.
  8269 | D:6      | Found a basalt altar of Yredelemnul.
  8300 | D:6      | Noticed Pikel
  8315 | D:6      | Killed Pikel
  8316 | D:6      | Reached skill level 5 in Fighting
  8979 | D:7      | Noticed a white ugly thing
  9007 | D:7      | Killed a white ugly thing
  9453 | D:7      | Noticed a boulder beetle
  9467 | D:7      | Killed a boulder beetle
  9468 | D:7      | Reached skill level 5 in Dodging
  9468 | D:7      | Reached skill level 5 in Spellcasting
  9468 | D:7      | Reached XP level 10. HP: 47/82 MP: 11/17
  9621 | D:7      | Noticed a cyclops
  9634 | D:7      | Killed a cyclops
  9857 | D:7      | Found a stormy altar of Qazlal.
 10302 | D:8      | Reached skill level 1 in Long Blades
 10340 | D:8      | Reached skill level 1 in Fire Magic
 10912 | D:8      | Noticed Maurice
 10926 | D:8      | Killed Maurice
 11214 | D:8      | Reached skill level 5 in Conjurations
 11224 | D:8      | Noticed Grum
 11237 | D:8      | Killed Grum
 11471 | D:9      | Paralysed by a hornet for 1 turns
 11973 | D:9      | Found a hide-covered altar of Uskayaw.
 12035 | D:9      | Reached XP level 11. HP: 86/91 MP: 17/19
 12506 | D:10     | Entered Level 10 of the Dungeon
 12511 | D:10     | Found a staircase to the Lair.
 12743 | D:10     | Noticed Josephine
 12753 | D:10     | Killed Josephine
 12754 | D:10     | Reached skill level 1 in Earth Magic
 13309 | D:10     | Found Elues's Jewellery Shoppe.
 13849 | Lair:1   | Entered Level 1 of the Lair of Beasts
 14752 | Lair:1   | Noticed a five-headed hydra
 14765 | Lair:1   | Killed a five-headed hydra
 15701 | Lair:1   | Noticed an eight-headed hydra
 15708 | Lair:1   | Killed an eight-headed hydra
 15836 | Lair:1   | Reached XP level 12. HP: 60/100 MP: 16/21
 16108 | Lair:1   | HP: 5/101 [ice devil (7)]
 16923 | Lair:2   | Found a runed translucent gate.
 16924 | Lair:2   | Found a runed translucent gate.
 16926 | Lair:2   | Found a runed translucent gate.
 16926 | Lair:2   | Noticed Ephetek's ghost (journeyman OpBr)
 17418 | Lair:2   | Reached skill level 5 in Fire Magic
 18320 | Lair:3   | Found a staircase to the Shoals.
 18320 | Lair:3   | Noticed a four-headed hydra
 19153 | Lair:5   | Reached skill level 5 in Long Blades
 19608 | Lair:5   | Found a blossoming altar of Fedhas.
 19806 | Lair:5   | Reached skill level 5 in Earth Magic
 20427 | Lair:6   | Entered Level 6 of the Lair of Beasts
 20433 | Lair:6   | Noticed an eight-headed hydra
 20625 | Lair:6   | Noticed a death yak
 20625 | Lair:6   | Noticed a death yak
 20627 | Lair:6   | Noticed a death yak
 20734 | Lair:6   | Found a staircase to the Slime Pits.
 20758 | Lair:5   | Killed a death yak
 20833 | Lair:5   | Killed a death yak
 21175 | Lair:4   | HP: 5/100 [hell rat (10)]
 21175 | Lair:4   | Mangled by a hell rat

Illustrated notes

Levels and vault maps discovered:
D:1:      dpeg_arrival_signposts, layout_basic,
          shapermc_ecumenical_altar_hornbeckon
D:2:      minmay_diamond_boxcup, layout_basic, uniq_natasha
D:3:      layout_basic
D:4:      kennysheep_kobold_camp, layout_rooms, minmay_temple_entry_offerings,
          gammafunk_ghost_split, minmay_misc_feat_square
D:5:      layout_rooms, lemuel_doored_altar, serial_shops, shop, shop,
          nicolae_shop_trees, nicolae_shop_crystal
D:6:      layout_gridville, zin_purify, nicolae_yredelemnul_corpse_copse,
          mainiacjoe_overflow_small_starburst, kennysheep_minor_cross,
          uniq_pikel, uniq_duvessa, uniq_blork_the_orc
D:7:      minmay_the_grid_octo_2x2 [minmay_the_grid_octo_77,
          minmay_the_grid_octo_concentric, minmay_the_grid_octo_chip,
          minmay_the_grid_octo_prize_single_spiral], layout_rooms,
          lemuel_crystal_altar
D:8:      layout_basic, minmay_chambers_of_fives, uniq_maurice, uniq_grum
D:9:      layout_basic, mainiacjoe_overflow_concentric_impassable, st_stairs_13
D:10:     layout_long_grid, david_lair_shrubbed, serial_shops, shop,
          grunt_decor_junction, uniq_josephine
Temple:   nicolae_temple_elliptical
Lair:1:   layout_roguey, portal_ice_cave_demonic_guard, beast_lair_carwin_1,
          grunt_megastairs_3
Lair:2:   layout_gridlike, gammafunk_ghost_split, grunt_megastairs_4
Lair:3:   regret_index_bee_streams, layout_concentric_octagons,
          elwin_shoals_entry_rocks
Lair:4:   layout_regular_city, serial_bayou_shore_a, minmay_lair_oklob_chamber,
          infiniplex_staircase_pool, uniq_rupert
Lair:5:   layout_loops_ring, hangedman_tree_tricks, forest_entry_grove,
          infiniplex_staircase_pool_2
Lair:6:   minmay_lair_end_frog_pond, layout_regular_city,
          minmay_slime_entry_pillars, gammafunk_ghost_wrathful_warriors,
          hibernation_bobbens

Skill      XL: |  1  2  3  4  5  6  7  8  9 10 11 12 |
---------------+-------------------------------------+-----
Dodging        | 2 3 4 5 6 7 |  7.2
Transmutations | 3 4 5 6 7 8 9 |  9.7
Fighting       | 2 3 4 5 6 7 8 |  8.4
Unarmed Combat | 4 5 6 8 9 |  9.9
Spellcasting   | 3 4 5 6 7 |  7.3
Conjurations   | 1 2 4 5 6 7 |  7.1
Long Blades    | 2 4 5 |  5.4
Fire Magic     | 2 4 5 |  5.8
Earth Magic    | 3 5 |  5.5

Action                   |  1- 3 |  4- 6 |  7- 9 | 10-12 || total
-------------------------+-------+-------+-------+-------++-------
Melee: Unarmed           |    48 |       |       |       ||    48
       Kick              |    12 |    30 |    84 |   289 ||   415
       Tailslap          |     7 |    20 |    49 |   130 ||   206
       Dagger            |    28 |   187 |   254 |   643 ||  1112
       Headbutt          |     6 |    20 |    52 |   192 ||   270
       Punch             |     1 |     5 |    12 |    44 ||    62
       Morningstar       |       |     6 |    12 |       ||    18
       Flail             |       |       |     6 |       ||     6
       Double sword      |       |       |       |    60 ||    60
Throw: Javelin           |       |       |       |     4 ||     4
       Throwing net      |       |       |       |     1 ||     1
 Cast: Beastly Appendage |    10 |    31 |    33 |    67 ||   141
 Abil: Breathe Steam     |       |       |    11 |    24 ||    35
Evoke: Wand              |       |       |       |     8 ||     8
  Use: Scroll            |       |     1 |     7 |     8 ||    16
       Potion            |       |       |     2 |     5 ||     7
 Stab: Sleeping          |       |     2 |     1 |       ||     3
Armor: Skin              |    22 |    82 |   115 |   296 ||   515
Dodge: Dodged            |    40 |   126 |   159 |   567 ||   892
       Rpst.: Double sword |       |       |       |    11 ||    11
